 Dungeon Crawl Stone Soup version 0.27-a0-931-g5a74e75d8f (webtiles) character file.

Game seed: 964204523215990320

11 Alarkh the Insei (level 2, 10/22 HPs)
             Began as a Demonspawn Gladiator on Apr 10, 2021.
             Got out of the dungeon alive.
             The game lasted 00:00:30 (187 turns).

Alarkh the Insei (Demonspawn Gladiator)              Turns: 187, Time: 00:00:30

Health: 10/22      AC:  6    Str: 14    XL:     2   Next: 13%
Magic:  2/2        EV: 12    Int:  9    God:
Gold:   0          SH:  0    Dex: 14    Spells: 1/1 levels left

rFire    . . .     SeeInvis .     - Unarmed
rCold    . . .     Faith    .   (no shield)
rNeg     . . .     Spirit   .   a - +0 leather armour
rPois    .         Reflect  .   b - +0 helmet
rElec    .         Harm     .   (no cloak)
rCorr    .         Rampage  .   (no gloves)
Will     .....                  (no boots)
Stlth    +.........             (no amulet)
HPRegen  0.07/turn              (no ring)
MPRegen  0.08/turn              (no ring)

@: no status effects
A: thin metallic scales 1
a: no special abilities


You escaped.
You visited 1 branch of the dungeon, and saw 1 of its levels.

Inventory:

Missiles
 c - 3 throwing nets (quivered)
Armour
 a - a +0 leather armour (worn)
 b - a +0 helmet (worn)


   Skills:
 + Level 2.3 Fighting
 - Level 1.7 Throwing
 - Level 2.6 Dodging
 * Level 3.1 Unarmed Combat


You had one spell level left.
You didn't know any spells.
Your spell library was empty.

Dungeon Overview and Level Annotations

Branches:
Dungeon (1/15)

Altars:


Innate Abilities, Weirdness & Mutations

You are partially covered in thin metallic scales. (AC +2)


Message History

Your demonic ancestry asserts itself...
Thin metallic scales grow over part of your body.
Things that are here:
a jackal corpse; a jackal corpse; a jackal corpse A jackal is nearby!
You can't go up here!
(D) Dungeon
Where to? (Enter - D:1 @ (x,y), ? - help)
A jackal is nearby!
Unknown command.
You are too injured to fight recklessly!
You miss the jackal.
The jackal barks!
The jackal pauses to sniff the ground.
The jackal misses you.
You hit the jackal.
The jackal is heavily wounded.
The jackal completely misses you. The jackal barely misses you.
You hit the jackal.
The jackal is almost dead.
The jackal completely misses you. The jackal barely misses you. x2
The jackal closely misses you.
You hit the jackal but do no damage.
The jackal is almost dead.
The jackal misses you. The jackal closely misses you. x2
You barely miss the jackal. Your punch misses the jackal.
The jackal is almost dead.
The jackal bites you but does no damage.
The jackal barely misses you. The jackal misses you.
You hit the jackal.
You kill the jackal!
The jackal bites you but does no damage.
You hit the jackal.
You kill the jackal!
You see here a jackal corpse.
There is an open door here.
There is a large open door here.
There is a staircase leading out of the dungeon here.
Are you sure you want to leave the Dungeon?
This will make you lose the game!
You have escaped!

#...≈≈≈≈≈≈≈≈≈≈≈≈≈≈≈≈≈≈≈≈h≈≈....
#...≈≈≈≈≈≈≈≈≈≈≈≈≈≈≈≈≈≈≈≈≈≈≈...#
..$.≈≈≈≈≈≈≈≈≈≈≈≈≈≈≈≈≈≈≈≈≈≈≈...#
....≈≈≈#'#+#≈≈≈≈≈≈≈#'#+#≈≈≈....
....≈≈≈'...##'###+##...'≈≈≈...#
#...≈≈≈'...#...†...#...'≈≈≈....
#...≈≈≈#'###.#####.#'#+#≈≈≈....
#...≈≈≈≈≈'...#...#..†#≈≈≈≈....#
#...≈≈≈≈≈#.###.@.'.†.'≈≈≈..⌠..#
#...≈≈≈≈≈#.###...'.⌠.'≈≈≈..⌠..#
#...≈≈≈≈≈+...#.).#...#≈≈≈≈.....
#...≈≈≈#+###.#####.###'#≈≈≈...#
#.).≈≈≈'...'.......'.[.'≈≈≈...#
#...≈≈≈'>..##+###'##..('≈≈≈...#
....≈≈≈#+#'#≈≈≈≈≈≈≈#+#'#≈≈≈...#
#...≈≈≈≈≈≈≈≈≈≈≈≈≈≈≈≈≈≈≈≈≈≈≈...#
#...≈≈≈≈≈≈≈≈≈≈≈≈≈≈≈≈≈≈≈≈≈≈≈...#


There were no monsters in sight!

Vanquished Creatures
  8 jackals (D:1)
8 creatures vanquished.

Notes
Turn   | Place    | Note
-------+----------+-------------------------------------------
     0 | D:1      | Alarkh the Demonspawn Gladiator began the quest for the
                  | Orb.
     0 | D:1      | Reached XP level 1. HP: 16/16 MP: 1/1
   153 | D:1      | Reached skill level 3 in Unarmed Combat
   166 | D:1      | Gained mutation: You are partially covered in thin metallic
                  | scales. (AC +2) [demonic ancestry]
   166 | D:1      | Reached XP level 2. HP: 8/22 MP: 2/2
   187 | D:$      | Got out of the dungeon alive.

Illustrated notes

Levels and vault maps discovered:
D:1:      dpeg_arrival_castle, layout_loops_ring, serial_forest,
          infiniplex_forest_clump_long, infiniplex_forest_corner_1,
          infiniplex_forest_straight_4, infiniplex_forest_straight_2,
          st_stairs_10

Skill      XL: |  1 |
---------------+----+-----
Unarmed Combat | 3 |  3.1
Fighting       | |  2.3
Throwing       | |  1.7
Dodging        | |  2.6

Action                   || total
-------------------------++-------
Melee: Unarmed           ||    52
Armor: Leather armour    ||    16
Dodge: Dodged            ||    54

Table legend: (Time is in decaauts)
 A = Elapsed time spent in this place.
 B = Non-inter-level travel time spent in this place.
 C = Inter-level travel time spent in this place.
 D = Time resting spent in this place.
 E = Time spent auto-exploring this place.
 F = Levels seen in this place.
 G = Mean time per level.
                   A        B        C        D        E       F      G
               +--------+--------+--------+--------+--------+-----+--------+
         Total |    185 |    182 |      3 |      0 |    108 |   1 |  185.0 |
       Dungeon |    185 |    182 |      3 |      0 |    108 |   1 |  185.0 |
               +--------+--------+--------+--------+--------+-----+--------+

Top non-repeatable levels by time:
     D:1: 185 daAuts
